cohdb
Replays
Latest Replays
All Replays
Popular Replays
Top Player Replays
Match Explorer
How It Works
Community
CoH3 Stats
Reddit
Sign in to upload your games and track your stats! →
Sign in with Steam
Match 45191378
Unlisted
Match 45191378
Overview
Messages
Build Orders
End
Construct Infanterie Kompanie
Selects Breakthrough Battlegroup
Selects Assault Grenadiers
Pioneer Squad
Grenadier Squad
MG 42 Machine Gun Team
Grenadier Squad
Infanterie Officer Quarters
Construct Panzergrenadier Kompanie
Pak 40 Anti-tank Gun Team
Panzergrenadier Squad
251 Medium Carrier
GrW 34 Mortar Team
Panzergrenadier Officer Quarters
Support Elements
Panzergrenadier Squad
Medical Bunker
StuG III G Assault Gun
Medical Station
StuG III G Assault Gun
Grenadier Squad
Pioneer Squad
Pak 40 Anti-tank Gun Team
Kettenkrad Recon Vehicle
MG 42 Machine Gun Team
StuG III G Assault Gun
251 Medium Carrier
Selects Rapid Production
Selects Blitzkrieg
StuG III G Assault Gun
Selects Tiger Heavy Tank
Tiger Heavy Tank
Selects Breakthrough
Pioneer Squad
Construct Panzer Kompanie
Selects Incendiary Bombing Run
Panzer IV Medium Tank
Panzer IV Medium Tank
SmeltedElk
gicobiwolfe
Blanco
MoriMusic
inespie
Lmao Zedong
Marvin23
Syverus
0
0
Comments
sign in to comment!
No comments posted yet!